 Dungeon Crawl Stone Soup version 0.31-a0-358-gac0dbeb3ab (webtiles) character file.

Game seed: 15724483749630567312

396 MacCMillion the Ducker (level 6, -7/47 (48) HPs)
             Began as a Merfolk Shapeshifter on July 25, 2023.
             Mangled by a wraith (8 damage)
             ... in an ossuary.
             The game lasted 00:05:53 (2560 turns).

MacCMillion the Ducker (Merfolk Shapeshifter)       Turns: 2560, Time: 00:05:53

HP:   -7/47 (48)    AC:  5    Str: 18    XL:     6   Next: 82%
MP:   6/6           EV: 18    Int:  7    God:
Gold: 129           SH:  0    Dex: 14    Spells: 5/5 levels left

rFire   . .          .
                       - Unarmed
rCold   + . .        (no shield)
rNeg    . . .        k - +0 ring mail
rPois   .            (helmet currently unavailable)
rElec   .            (cloak currently unavailable)
rCorr   .            (gloves currently unavailable)
SInv    .            (boots currently unavailable)
Will    .....        q - amulet of the acrobat
Stlth   +            j - +5 ring of evasion
HPRegen 0.27/turn    f - ring of protection from cold
MPRegen 0.10/turn

%: acrobat
@: beast-form, slowed, lightly drained, very slow
A: beast (slay +3), (nimble swimmer 2), mertail
a: Begin Untransformation


You were in an ossuary.
You were a hulking beast.
You visited 1 branch of the dungeon, and saw 4 of its levels.
You also visited: Ossuary.

You collected 129 gold pieces.

Inventory:

Missiles
 o - 4 poisoned darts (quivered)
Armour
 a - a +0 animal skin
 k - a +0 ring mail (worn)
Jewellery
 f - a ring of protection from cold (right hand)
 j - a +5 ring of evasion (left hand)
 q - an amulet of the acrobat (around neck)
 r - a ring of protection from cold
Talismans
 c - a beast talisman
 u - a blade talisman
Wands
 t - a wand of flame (17)
Scrolls
 d - a scroll of acquirement {unknown}
 e - 6 scrolls of identify {unknown}
 h - a scroll of revelation {unknown}
 l - 2 scrolls of fear {unknown}
 m - 2 scrolls of torment {unknown}
 n - a scroll of enchant weapon {unknown}
 v - 2 scrolls of amnesia {unknown}
 w - a scroll of blinking {unknown}
 y - a scroll of poison {unknown}
 z - a scroll of vulnerability {unknown}
 A - a scroll of enchant armour {unknown}
 B - a scroll of teleportation {unknown}
Potions
 b - a potion of lignification
 g - 2 potions of heal wounds {unknown}
 i - 2 potions of curing {unknown}
 p - 2 potions of brilliance {unknown}
 s - 2 potions of degeneration {unknown}
 x - a potion of berserk rage {unknown}


   Skills:
 + Level 4.2 Fighting
 + Level 5.6 Dodging
 + Level 5.3 Unarmed Combat
 - Level 4.3 Shapeshifting


You had 5 spell levels left.
You didn't know any spells.
Your spell library contained the following spells:

 Spells                   Type           Power      Damage    Failure   Level
 Magic Dart               Conj           0%         1d3       63%         1
 Call Imp                 Summ           0%         N/A       77%         2
 Gell's Gravitas          Tloc           0%         N/A       94%         3
 Inner Flame              Hex/Fire       0%         N/A       94%         3
 Mephitic Cloud           Conj/Pois/Air  0%         N/A       94%         3
 Teleport Other           Tloc           0%         N/A       94%         3
 Yara's Violent Unravell  Hex/Tmut       0%         3d3       100%        5
 Dispersal                Tloc           0%         N/A       100%        6
 Enfeeble                 Hex            0%         N/A       100%        7


Dungeon Overview and Level Annotations

Branches:
Dungeon (4/15)            Ossuary (1/1)
 Temple: D:4-7

Altars:
Nemelex Xobeh

Annotations:
D:4 1 runed translucent door, Robin


Innate Abilities, Weirdness & Mutations

You are a hulking beast.
Your limbs bulge with bestial killing power. (Slay +3)
((You are very nimble when in or above water. (Stealth+, EV+, Speed+++)))
Your lower body shifts to a powerful aquatic tail in water.


Message History

The wraith completely misses you.
You punch the wraith!
The wraith is moderately damaged.
The wraith misses you.
You hit the wraith.
The wraith is heavily damaged.
The wraith completely misses you. The wraith hits you!
* * * LOW HITPOINT WARNING * * *
You hit the wraith but do no damage.
The wraith is heavily damaged.
The wraith hits you but does no damage.
You completely miss the wraith.
The wraith is heavily damaged.
The wraith completely misses you.
You punch the wraith!
The wraith is severely damaged.
The wraith barely misses you. x2
You hit the wraith but do no damage.
The wraith is severely damaged.
The wraith misses you.
You hit the wraith but do no damage.
The wraith is severely damaged.
The wraith barely misses you. x2
You closely miss the wraith.
The wraith is severely damaged.
The wraith hits you!
* * * LOW HITPOINT WARNING * * *
You hit the wraith but do no damage.
The wraith is severely damaged.
The wraith hits you!
* * * LOW HITPOINT WARNING * * *
The wraith drains your vigour!
You feel as though you will be slow longer.
You hit the wraith but do no damage.
The wraith is severely damaged.
The wraith closely misses you. x2
You hit the wraith but do no damage.
The wraith is severely damaged.
The wraith hits you!
You die...

#.....# #z# #...............#
#.8.8.#####▓###.###.......# #.#
'.......'.....'.#z#.......#z#.#
#.8.8.#####▓###.###.......###.#
#.....# #W# #...............#
####### ### #.###..###..###.#
#.#.#..#z#..#.#.#
#.W##..###..##).#
#.h.............#
#################


You could see a wraith.

Vanquished Creatures
  An ogre (D:4)
  A scorpion (D:4)
  2 wights (Ossuary)
  An iguana (D:2)
  5 adders
  An adder zombie (Ossuary)
  A worm (D:4)
  2 orcs (D:3)
  4 ball pythons
  7 bats
  7 endoplasms
  2 giant cockroaches
  7 goblins
  6 hobgoblins
  A jackal (D:1)
  7 kobolds
  3 quokkas
  5 frilled lizards
  4 hobgoblin skeletons (Ossuary)
  2 hobgoblin zombies (Ossuary)
  A kobold zombie (Ossuary)
  An orc zombie (Ossuary)
  A rat (D:1)
72 creatures vanquished.

Notes
Turn   | Place    | Note
-------+----------+-------------------------------------------
     0 | D:1      | MacCMillion the Merfolk Shapeshifter began the quest for
                  | the Orb.
     0 | D:1      | Reached XP level 1. HP: 15/15 MP: 1/1
   265 | D:1      | Reached XP level 2. HP: 21/21 MP: 2/2
   745 | D:1      | Reached XP level 3. HP: 23/27 MP: 3/3
  1277 | D:2      | Reached XP level 4. HP: 34/34 MP: 4/4
  1902 | D:3      | Found a sparkling altar of Nemelex Xobeh.
  1994 | D:3      | You fall into a shaft and drop 1 floor!
  2049 | D:4      | Reached XP level 5. HP: 38/40 MP: 5/5
  2068 | D:4      | Noticed Robin
  2140 | D:4      | Noticed an ogre
  2156 | D:4      | Killed an ogre
  2157 | D:4      | Reached XP level 6. HP: 32/47 MP: 6/6
  2190 | D:4      | Found a runed translucent door.
  2265 | D:4      | Reached skill level 5 in Dodging
  2286 | D:4      | Found a sand-covered staircase.
  2293 | Ossuary  | Entered an ossuary
  2336 | Ossuary  | Reached skill level 5 in Unarmed Combat
  2444 | Ossuary  | Noticed a flying skull
  2444 | Ossuary  | Noticed a wraith
  2450 | Ossuary  | Noticed a flying skull
  2452 | Ossuary  | Noticed a flying skull
  2453 | Ossuary  | Noticed a flying skull
  2476 | Ossuary  | Noticed a flying skull
  2542 | Ossuary  | Noticed a wraith
  2558 | Ossuary  | HP: 1/47 [wraith (7)]
  2560 | Ossuary  | Mangled by a wraith

Illustrated notes

Levels and vault maps discovered:
D:1:      dreamdust_arrival_beginning_and_end, layout_loops_corners,
          minmay_tetromino_i2
D:2:      layout_loops_cross, chequers_serial_rivers_marsh
D:3:      layout_loops_corners, nemelex_dance_club_becter, serial_glass,
          glass_columns_a, glass_columns_a, uniq_natasha
D:4:      layout_cave_pools, fedhas_altar_decomposition, kennysheep_mini_moat,
          enter_ossuary_4, nicolae_underground_beach, uniq_crazy_yiuf_cottage,
          uniq_robin
Ossuary:  ossuary_due_cavern

Skill      XL: |  1  2  3  4  5  6 |
---------------+-------------------+-----
Dodging        | 3 4 5 |  5.6
Fighting       | 2 3 4 |  4.2
Unarmed Combat | 4 5 |  5.3
Shapeshifting  | |  4.3

Action                     |  1- 3 |  4- 6 || total
---------------------------+-------+-------++-------
  Melee: Unarmed           |    68 |   136 ||   204
         Punch             |     3 |     4 ||     7
         Tailslap          |       |     5 ||     5
  Throw: Dart              |       |     3 ||     3
  Evoke: Wand              |       |     2 ||     2
 Armour: Animal skin       |     7 |       ||     7
         Ring mail         |     3 |     8 ||    11
  Dodge: Dodged            |    36 |    92 ||   128

Table legend: (Time is in decaauts)
 A = Elapsed time spent in this place.
 B = Non-inter-level travel time spent in this place.
 C = Inter-level travel time spent in this place.
 D = Time resting spent in this place.
 E = Time spent auto-exploring this place.
 F = Levels seen in this place.
 G = Mean time per level.
                   A        B        C        D        E       F      G
               +--------+--------+--------+--------+--------+-----+--------+
         Total |   2543 |   2434 |    109 |    124 |   1518 |   5 |  508.6 |
       Dungeon |   2274 |   2165 |    109 |     37 |   1475 |   4 |  568.5 |
       Ossuary |    268 |    268 |      0 |     87 |     43 |   1 |  268.0 |
               +--------+--------+--------+--------+--------+-----+--------+

Top non-repeatable levels by time:
     D:1: 1062 daAuts
     D:2: 707 daAuts
     D:4: 290 daAuts
 Ossuary: 268 daAuts
     D:3: 214 daAuts
